 Dungeon Crawl Stone Soup version 0.30.1-11-g7821555f0a (webtiles) character file.

Game seed: 8995374393770590287

933 HagarQim the Poker (level 7, 0/85 HPs)
             Began as a Demonspawn Berserker on Jan 16, 2024.
             Was a Believer of Trog.
             Slain by a small abomination (1 damage)
             ... on level 1 of the Abyss.
             The game lasted 00:10:36 (2889 turns).

HagarQim the Poker (Demonspawn Berserker)           Turns: 2889, Time: 00:10:37

Health: 0/85       AC: 28    Str: 20    XL:     7   Next: 86%
Magic:  7/7        EV:  7    Int:  8    God:    Trog [**....]
Gold:   241        SH:  0    Dex: 18    Spells: 6/6 levels left

rFire   . . .        l - +2 trident (protect)
rCold   . . .        (no shield)
rNeg    . . .        e - +0 plate armour
rPois   .            (helmet restricted)
rElec   .            A - +0 cloak
rCorr   .            u - +0 pair of gloves
SInv    .            h - +0 pair of boots
Will    .....        r - amulet of faith Stlth
                     k - +4 ring of protection
HPRegen 0.34/turn    D - +6 ring of dexterity
MPRegen 0.10/turn

%: faith
@: berserking (expiring), under a protective aura, very quick
A: antennae 1, rugged brown scales 2, spiny 1
a: Renounce Religion, Berserk, Trog's Hand


You were on level 1 of the Abyss.
You worshipped Trog.
Trog was pleased with you.
You visited 1 branch of the dungeon, and saw 4 of its levels.
You visited the Abyss 1 time.

You collected 241 gold pieces.

Inventory:

Hand Weapons
 a - a +0 hand axe
 l - a +2 trident of protection (weapon)
 B - a +1 whip of electrocution
Missiles
 f - 2 javelins (quivered)
Armour
 e - a +0 plate armour (worn)
 h - a +0 pair of boots (worn)
 u - a +0 pair of gloves (worn)
 w - a +3 leather armour
 A - a +0 cloak (worn)
Jewellery
 c - a ring of fire
 g - an amulet of magic regeneration
 k - a +4 ring of protection (left hand)
 r - an amulet of faith (around neck)
 y - a ring of ice
 D - a +6 ring of dexterity (right hand)
Wands
 v - a wand of iceblast (5)
 x - a wand of charming (15)
Scrolls
 i - 2 scrolls of enchant weapon
 j - a scroll of poison {unknown}
 m - a scroll of butterflies {unknown}
 o - a scroll of fear {unknown}
 q - a scroll of brand weapon {unknown}
 t - a scroll of fog {unknown}
 C - a scroll of teleportation {unknown}
Potions
 b - a potion of flight {unknown}
 d - a potion of resistance {unknown}
 n - a potion of heal wounds
 p - a potion of haste
 s - 3 potions of magic
 z - 2 potions of attraction


   Skills:
 + Level 4.5 Fighting
 + Level 3.9(5.2) Axes
 + Level 5.2(5.8) Polearms
 * Level 3.5 Armour
 + Level 3.1 Dodging
 + Level 1.4 Stealth


You had 6 spell levels left.
You didn't know any spells.
Your spell library was empty.

Dungeon Overview and Level Annotations

Branches:
Dungeon (4/15)
 Temple: D:4-7

Altars:
Cheibriados

Annotations:
D:4 Crazy Yiuf


Innate Abilities, Weirdness & Mutations

You have a pair of small antennae on your head.
You are mostly covered in rugged brown scales. (AC +2, +5% HP)
You are partially covered in sharp spines.


Message History

The quicksilver dragon claws you.
The quicksilver dragon attacks as you move away!
The quicksilver dragon bites you. The quicksilver dragon claws you.
The small abomination hits you!
A red film seems to cover your vision as you go berserk!
You feel yourself moving faster!
You feel mighty! The small abomination hits you.
The quicksilver dragon breathes dispelling energy at you.
The bolt of dispelling energy hits you.
The small abomination barely misses you.
The quicksilver dragon is struck by your spines.
The quicksilver dragon bites you!
* * * LOW HITPOINT WARNING * * *
The quicksilver dragon claws you.
* * * LOW HITPOINT WARNING * * *
You hear a roar!
You puncture the small abomination!
Your weapon exudes an aura of protection.
The small abomination is heavily damaged.
The quicksilver dragon bites you but does no damage.
The quicksilver dragon barely misses you.
You hit the small abomination.
The small abomination is heavily damaged.
The small abomination is struck by your spines.
The small abomination hits you.
* * * LOW HITPOINT WARNING * * *
The quicksilver dragon bites you.
* * * LOW HITPOINT WARNING * * *
The quicksilver dragon claws you.
* * * LOW HITPOINT WARNING * * *
You are too berserk!
Unknown command.
You are too berserk!
You barely miss the small abomination.
The small abomination is severely damaged.
The quicksilver dragon bites you but does no damage.
The quicksilver dragon barely misses you.
The small abomination is struck by your spines.
The small abomination hits you.
You die...

# # . #### ##### #
#.#.##x. # . # #.
####.##..#..#. # .
#.
#....#...#.#.###.#
#.#xD..x.X..##{x...
#..@#..##....##.x#..
#...#..#...#...# . .
#. ###
#..##.##.######.#.>
###...#... . # #....
# ..X # ##..#.. . .
.. ..### # .## #. #
#


You could see a quicksilver dragon, a large abomination and 2 small
abominations.

Vanquished Creatures
  Pikel (D:4)
  Sigmund (D:2)
  The ghost of DoubleLucky the Magician, an amateur DrFE (D:3)
  A lemure (D:4)
  2 orc priests (D:3)
  An iron imp (D:4)
  2 iguanas (D:4)
  4 adders
  An ufetubus (Abyss:1)
  A worm (D:4)
  3 dart slugs
  6 orcs
  6 endoplasms
  4 giant cockroaches
  3 goblins
  10 hobgoblins
  3 jackals (D:3)
  A quokka (D:1)
  6 ball pythons
  6 bats
  3 frilled lizards
  3 kobolds
  7 rats
76 creatures vanquished.

Notes
Turn   | Place    | Note
-------+----------+-------------------------------------------
     0 | D:1      | HagarQim the Demonspawn Berserker began the quest for the
                  | Orb.
     0 | D:1      | Reached XP level 1. HP: 18/18 MP: 1/1
   244 | D:1      | Gained mutation: You are partially covered in rugged brown
                  | scales. (AC +1, +3% HP) [demonic ancestry]
   244 | D:1      | Reached XP level 2. HP: 14/24 MP: 2/2
   758 | D:1      | Found a faded altar of an unknown god.
   838 | D:2      | Found a snail-covered altar of Cheibriados.
   890 | D:2      | Reached XP level 3. HP: 29/29 MP: 3/3
  1052 | D:2      | Noticed Sigmund
  1067 | D:2      | Killed Sigmund
  1068 | D:2      | Reached skill level 1 in Polearms
  1068 | D:2      | Reached skill level 1 in Stealth
  1068 | D:2      | Gained mutation: You are mostly covered in rugged brown
                  | scales. (AC +2, +5% HP) [demonic ancestry]
  1068 | D:2      | Reached XP level 4. HP: 30/38 MP: 4/4
  1068 | D:2      | Reached XP level 5. HP: 35/44 MP: 5/5
  1602 | D:2      | Reached ** piety under Trog
  1705 | D:3      | Found a transporter.
  1708 | D:3      | Noticed DoubleLucky's ghost (amateur DrFE)
  1722 | D:3      | Found a transporter.
  1815 | D:3      | Reached skill level 2 in Polearms
  1933 | D:3      | Gained mutation: You are partially covered in sharp spines.
                  | [demonic ancestry]
  1933 | D:3      | Reached XP level 6. HP: 33/50 MP: 6/6
  2161 | D:3      | Killed DoubleLucky's ghost
  2162 | D:3      | Reached skill level 3 in Polearms
  2243 | D:4      | Found a snail-covered altar of Cheibriados.
  2301 | D:4      | Noticed Pikel
  2317 | D:4      | Killed Pikel
  2318 | D:4      | Reached skill level 4 in Polearms
  2318 | D:4      | Gained mutation: You have a pair of small antennae on your
                  | head. [demonic ancestry]
  2318 | D:4      | Reached XP level 7. HP: 5/57 MP: 7/7
  2564 | D:4      | Reached skill level 5 in Polearms
  2757 | D:4      | Found a runed translucent door.
  2758 | D:4      | Noticed Crazy Yiuf
  2764 | Abyss:1  | Cast into level 1 of the Abyss (Crazy Yiuf)
  2765 | Abyss:1  | Found a corrupted altar of Lugonu.
  2816 | Abyss:1  | Noticed a large abomination
  2847 | Abyss:1  | Found a corrupted altar of Lugonu.
  2857 | Abyss:1  | Found a corrupted altar of Lugonu.
  2872 | Abyss:1  | Noticed a quicksilver dragon
  2888 | Abyss:1  | HP: 2/85 [quicksilver dragon (6)]
  2889 | Abyss:1  | Slain by a small abomination

Illustrated notes

Levels and vault maps discovered:
D:1:      minmay_arrival_open_corners, layout_basic,
          shapermc_ecumenical_altar_notcrosses
D:2:      layout_loops_corners, basic_altar, uniq_sigmund
D:3:      layout_rooms, gammafunk_ghost_arena
D:4:      layout_basic, grunt_qazlal_sundering, slow_altar_2,
          minmay_close_crescents, uniq_ijyb, uniq_natasha, uniq_pikel,
          uniq_crazy_yiuf_cottage
Abyss:1:  base:
Temple

Skill      XL: |  1  2  3  4  5  6  7 |
---------------+----------------------+-----
Axes           | 3 |  3.9
Dodging        | 2 3 |  3.1
Fighting       | 4 |  4.5
Polearms       | 1 2 4 5 |  5.2
Stealth        | 1 |  1.4
Armour         | 2 3 |  3.5

Action                     |  1- 3 |  4- 6 |  7- 9 || total
---------------------------+-------+-------+-------++-------
  Melee: Hand axe          |    54 |       |       ||    54
         Trident           |    20 |   104 |    24 ||   148
         Punch             |     1 |     1 |       ||     2
 Invoke: Berserk           |     1 |     2 |     1 ||     4
    Use: Scroll            |       |     4 |     1 ||     5
         Potion            |       |     1 |       ||     1
   Stab: Sleeping          |     1 |       |       ||     1
 Armour: Animal skin       |    13 |       |       ||    13
         Plate armour      |       |    57 |    15 ||    72
         Ring mail         |       |     8 |       ||     8
         Leather armour    |       |     1 |       ||     1
  Dodge: Dodged            |    43 |    40 |    14 ||    97
